 Dungeon Crawl Stone Soup version 0.28.0-43-g3370ac3207 (webtiles) character file.

Game seed: 17912110221403311562

249 Araneus the Insei (level 5, -2/41 HPs)
             Began as a Demonspawn Monk on Mar 12, 2022.
             Slain by an iguana (10 damage)
             ... on level 4 of the Dungeon.
             The game lasted 00:07:32 (4695 turns).

Araneus the Insei (Demonspawn Monk)                 Turns: 4695, Time: 00:07:32

Health: -2/41      AC:  4    Str: 14    XL:     5   Next: 86%
Magic:  5/5        EV: 12    Int: 11    God:
Gold:   240        SH:  0    Dex: 15    Spells: 4/4 levels left

rFire   . . .      SeeInvis .     - Unarmed
rCold   . . .      Faith    .   (no shield)
rNeg    + . .      Spirit   .   g - +2 robe {rN+}
rPois   .          Reflect  .   (no helmet)
rElec   .          Harm     .   (no cloak)
rCorr   .          Rampage  .   (no gloves)
Will    ++...                   (no boots)
Stlth   ++........              (no amulet)
HPRegen 0.13/turn               c - ring of willpower
MPRegen 0.09/turn               o - ring of willpower

@: no status effects
A: powered by pain 1, sturdy frame 1
a: no special abilities


You were on level 4 of the Dungeon.
You visited 1 branch of the dungeon, and saw 4 of its levels.

You collected 240 gold pieces.

Inventory:

Armour
 a - a +0 robe
 g - a +2 robe of positive energy (worn)
 h - a +0 leather armour
Jewellery
 c - a ring of willpower (left hand)
 o - a ring of willpower (right hand)
Scrolls
 b - 2 scrolls of immolation {unknown}
 d - a scroll of magic mapping {unknown}
 e - 2 scrolls of identify {unknown}
 f - 2 scrolls of torment {unknown}
 j - 3 scrolls of fog {unknown}
 m - 3 scrolls of teleportation {unknown}
 n - a scroll of blinking {unknown}
Potions
 k - a potion of attraction {unknown}
 l - a potion of invisibility {unknown}
 p - 2 potions of might {unknown}


   Skills:
 - Level 3.0 Fighting
 - Level 2.6 Dodging
 - Level 1.7 Stealth
 + Level 6.1 Unarmed Combat


You had 4 spell levels left.
You didn't know any spells.
Your spell library contained the following spells:

 Spells                   Type           Power      Damage    Failure   Level
 Tukima's Dance           Hex            0%         N/A       71%         3
 Anguish                  Hex/Necr       0%         N/A       98%         4
 Enfeeble                 Hex            0%         N/A       100%        7


Dungeon Overview and Level Annotations

Branches:
Dungeon (4/15)
 Temple: D:4-7

Altars:
Nemelex Xobeh
Xom
Zin

Annotations:
D:4 exclusion: ogre


Innate Abilities, Weirdness & Mutations

You sometimes gain a little power by taking damage.
Your movements are slightly less encumbered by armour. (ER -2)


Message History

You are too injured to fight recklessly!
You are too injured to fight recklessly!
You are too injured to fight recklessly!
You are too injured to fight recklessly!
You are too injured to fight recklessly!
The iguana hisses menacingly.
You are too injured to fight recklessly!
You are too injured to fight recklessly!
You are too injured to fight recklessly!
You are too injured to fight recklessly!
You are too injured to fight recklessly!
You are too injured to fight recklessly!
You are too injured to fight recklessly!
You are too injured to fight recklessly!
You are too injured to fight recklessly!
You are too injured to fight recklessly!
You are too injured to fight recklessly!
You are too injured to fight recklessly!
You are too injured to fight recklessly!
You are too injured to fight recklessly!
You are too injured to fight recklessly!
You closely miss the iguana.
The iguana is lightly wounded.
The iguana bites you!
* * * LOW HITPOINT WARNING * * *
You hit the iguana but do no damage.
The iguana is lightly wounded.
The iguana bites you but does no damage.
You hit the iguana but do no damage.
The iguana is lightly wounded.
You closely miss the iguana.
The iguana is lightly wounded.
The iguana barely misses you.
You hit the iguana but do no damage. Your punch misses the iguana.
The iguana is lightly wounded.
The iguana barely misses you.
You completely miss the iguana.
The iguana is lightly wounded.
The iguana bites you!
You die...

.## ############. #.#
####......>?.... ..#
#.....#......#.. ..#
#.#.##.#.##..#.#.##....
<## ..... #.#........#
#.. ## #...# #.#....##..#
. # #...# #..gK....... #
#...# ###l##.(..... #
######...#####@##..##.##.
###..............# ..# #
.................# ..#
###.............## .#
########...###### .#
#.......# .# #...###.# .#
#...###.# ## ###.....#.#


You could see an iguana, a goblin and a kobold.

Vanquished Creatures
  A scorpion (D:4)
  Jessica (D:2)
  5 adders
  A gnoll (D:1)
  A worm (D:3)
  5 dart slugs
  3 orcs (D:3)
  6 ball pythons
  11 endoplasms
  6 giant cockroaches
  7 goblins
  8 hobgoblins
  4 jackals (D:2)
  3 quokkas
  11 bats
  6 frilled lizards
  8 kobolds
  5 rats
92 creatures vanquished.

Vanquished Creatures (others)
  A fungus (D:4)
  2 plants (D:4)
3 creatures vanquished.

Grand Total: 95 creatures vanquished

Notes
Turn   | Place    | Note
-------+----------+-------------------------------------------
     0 | D:1      | Araneus the Demonspawn Monk began the quest for the Orb.
     0 | D:1      | Reached XP level 1. HP: 18/18 MP: 1/1
   170 | D:1      | Reached skill level 3 in Unarmed Combat
   225 | D:1      | Gained mutation: You sometimes gain a little power by
                  | taking damage. [demonic ancestry]
   225 | D:1      | Reached XP level 2. HP: 24/24 MP: 2/2
   890 | D:1      | Reached XP level 3. HP: 22/29 MP: 3/3
  1074 | D:1      | Reached skill level 4 in Unarmed Combat
  1686 | D:2      | Noticed Jessica
  1686 | D:2      | Found a faded altar of an unknown god.
  2079 | D:2      | Reached XP level 4. HP: 23/35 MP: 4/4
  2567 | D:2      | Killed Jessica
  2568 | D:2      | Reached skill level 5 in Unarmed Combat
  3014 | D:3      | Found a shimmering altar of Xom.
  3246 | D:3      | Gained mutation: Your movements are slightly less
                  | encumbered by armour. (ER -2) [demonic ancestry]
  3246 | D:3      | Reached XP level 5. HP: 40/41 MP: 5/5
  4000 | D:3      | Found a sparkling altar of Nemelex Xobeh.
  4378 | D:4      | Reached skill level 6 in Unarmed Combat
  4523 | D:4      | Noticed an ogre
  4695 | D:4      | Slain by an iguana

Illustrated notes

Levels and vault maps discovered:
D:1:      dpeg_arrival_three_smaller_balls, layout_loops_corners,
          minmay_misc_feat_hallway, minmay_quantized
D:2:      layout_basic, basic_altar, nicolae_ecumenical_oubliette,
          minmay_crystal_water, uniq_jessica
D:3:      minmay_octagon_keep, layout_loops_ring, lemuel_round_altar,
          amcnicky_altar_gilded
D:4:      layout_loops_cross, fedhas_altar_3, feat_on_display

Skill      XL: |  1  2  3  4  5 |
---------------+----------------+-----
Unarmed Combat | 3 4 5 6 |  6.1
Fighting       | |  3.0
Dodging        | |  2.6
Stealth        | |  1.7

Action                   |  1- 3 |  4- 6 || total
-------------------------+-------+-------++-------
Melee: Unarmed           |   146 |   190 ||   336
       Punch             |     1 |     5 ||     6
 Stab: Sleeping          |     4 |     6 ||    10
Armor: Robe              |    14 |    47 ||    61
Dodge: Dodged            |    66 |   122 ||   188
